 Dungeon Crawl Stone Soup version 0.29-a0-841-g116ddc6ace (webtiles) character file.

Game seed: 8271998852964453224

184 jimonade the Trooper (level 5, -3/43 HPs)
             Began as a Formicid Fighter on July 14, 2022.
             Succumbed to a scorpion's poison
             ... on level 4 of the Dungeon.
             The game lasted 00:02:43 (2092 turns).

jimonade the Trooper (Formicid Fighter)             Turns: 2092, Time: 00:02:43

Health: -3/43      AC:  7    Str: 21    XL:     5   Next: 95%
Magic:  5/5        EV:  9    Int:  9    God:
Gold:   34         SH:  5    Dex: 13    Spells: 4/4 levels left

rFire   . . .      SeeInvis +   a - +0 quarterstaff
rCold   . . .      Faith    .   c - +0 buckler
rNeg    . . .      Spirit   .   b - +0 scale mail
rPois   .          Reflect  .   (helmet unavailable)
rElec   .          Harm     .   (no cloak)
rCorr   .          Rampage  .   (no gloves)
Will    .....                   (no boots)
Stlth   ..........              (no amulet)
HPRegen 0.14/turn               (no ring)
MPRegen 0.09/turn               (no ring)

@: lethally poisoned (-3 -> -22)
A: permanent stasis, dig shafts and tunnels, antennae 3, four strong arms
a: Dig, Shaft Self


You were on level 4 of the Dungeon.
You visited 1 branch of the dungeon, and saw 3 of its levels.

You collected 34 gold pieces.

Inventory:

Hand Weapons
 a - a +0 quarterstaff (weapon)
Missiles
 e - 3 atropa-tipped darts
 f - 19 stones
 n - 4 javelins (quivered)
Armour
 b - a +0 scale mail (worn)
 c - a +0 buckler (worn)
Scrolls
 h - a scroll of poison {unknown}
 k - 2 scrolls of noise {unknown}
 l - a scroll of fear {unknown}
 m - a scroll of brand weapon {unknown}
 o - a scroll of enchant weapon {unknown}
Potions
 d - a potion of might
 g - a potion of magic {unknown}
 i - a potion of mutation {unknown}
 j - 2 potions of curing {unknown}
 p - a potion of attraction {unknown}


   Skills:
 * Level 4.7 Fighting
 + Level 3.4 Staves
 + Level 4.4 Armour
 + Level 4.5 Shields


You had 4 spell levels left.
You didn't know any spells.
Your spell library was empty.

Dungeon Overview and Level Annotations

Branches:
Dungeon (2/15)

Altars:


Innate Abilities, Weirdness & Mutations

You cannot be hasted, slowed, berserked, paralysed or teleported.
You can dig through walls and to a lower floor.
You have a pair of large antennae on your head. (SInv)
Your four strong arms can wield two-handed weapons with a shield.


Message History

The scorpion barely misses you.
You hit the scorpion.
The scorpion is heavily wounded.
You feel very sick.
The scorpion stings you but does no damage.
You hit the scorpion.
The scorpion is heavily wounded.
You feel very sick. The scorpion stings you.
You are lethally poisoned!
The scorpion poisons you! The scorpion stings you.
You barely miss the scorpion.
The scorpion is heavily wounded.
You feel very sick. You block the scorpion's attack.
You closely miss the scorpion.
The scorpion is heavily wounded.
* * * LOW HITPOINT WARNING * * *
You feel very sick. The scorpion completely misses you.
You hit the scorpion.
The scorpion is almost dead.
* * * LOW HITPOINT WARNING * * *
You feel very sick.
The scorpion stings you but does no damage.
The scorpion barely misses you.
You completely miss the scorpion.
The scorpion is almost dead.
* * * LOW HITPOINT WARNING * * *
You feel sick. The scorpion barely misses you.
You completely miss the scorpion.
The scorpion is almost dead.
* * * LOW HITPOINT WARNING * * *
You feel sick. The scorpion stings you.
* * * LOW HITPOINT WARNING * * *
You are more poisoned.
The scorpion poisons you!
You sock the scorpion!
You kill the scorpion!
You die...

.# #.## ## #..#
##############.########
...)...................
##############..######.
##.## #..# ##.# #@# #†#
......(.# ........#
........# ........#
...####.. ### ##. .


There were no monsters in sight!

Vanquished Creatures
  An ogre (D:4)
  A lemure (D:4)
  A necrophage (D:4)
  A scorpion (D:4)
  A worm (D:2)
  2 dart slugs
  3 ball pythons
  3 bats
  3 endoplasms
  2 giant cockroaches
  5 goblins
  A hobgoblin (D:2)
  2 quokkas (D:1)
  A frilled lizard (D:1)
  5 kobolds
  4 rats
36 creatures vanquished.

Notes
Turn   | Place    | Note
-------+----------+-------------------------------------------
     0 | D:1      | jimonade the Formicid Fighter began the quest for the Orb.
     0 | D:1      | Reached XP level 1. HP: 18/18 MP: 1/1
   142 | D:1      | Reached XP level 2. HP: 24/24 MP: 2/2
   604 | D:1      | Reached XP level 3. HP: 30/30 MP: 3/3
  1366 | D:2      | You fall into a shaft and drop 2 floors!
  1384 | D:4      | Noticed a necrophage
  1391 | D:4      | Killed a necrophage
  1392 | D:4      | Reached XP level 4. HP: 24/38 MP: 4/4
  1392 | D:4      | Reached XP level 5. HP: 28/43 MP: 5/5
  1525 | D:4      | Noticed a lemure
  1542 | D:4      | Killed a lemure
  1638 | D:4      | Noticed an ogre
  1647 | D:4      | HP: 2/43 [ogre/+0 giant club (14)]
  1650 | D:4      | Killed an ogre
  2091 | D:4      | HP: 2/43 [scorpion (1)]
  2092 | D:4      | Succumbed to a scorpion's poison

Illustrated notes

Levels and vault maps discovered:
D:1:      dpeg_arrival_concentric_ovals, layout_basic, feat_on_display
D:2:      layout_rooms
D:4:      layout_basic, okawaru_ov_weapons_minmay, uniq_menkaure, uniq_pikel,
          uniq_duvessa

Skill      XL: |  1  2  3  4  5 |
---------------+----------------+-----
Fighting       | 4 |  4.7
Staves         | 3 |  3.4
Armour         | 4 |  4.4
Shields        | |  4.5

Action                   |  1- 3 |  4- 6 || total
-------------------------+-------+-------++-------
Melee: Quarterstaff      |    65 |    29 ||    94
Throw: Javelin           |       |     3 ||     3
Armor: Scale mail        |    33 |     4 ||    37
Dodge: Dodged            |    18 |     8 ||    26
Block: Buckler           |    15 |     5 ||    20

Table legend: (Time is in decaauts)
 A = Elapsed time spent in this place.
 B = Non-inter-level travel time spent in this place.
 C = Inter-level travel time spent in this place.
 D = Time resting spent in this place.
 E = Time spent auto-exploring this place.
 F = Levels seen in this place.
 G = Mean time per level.
                   A        B        C        D        E       F      G
               +--------+--------+--------+--------+--------+-----+--------+
         Total |   2111 |   2104 |      7 |    455 |   1258 |   3 |  703.7 |
       Dungeon |   2111 |   2104 |      7 |    455 |   1258 |   3 |  703.7 |
               +--------+--------+--------+--------+--------+-----+--------+

Top non-repeatable levels by time:
     D:1: 1147 daAuts
     D:4: 733 daAuts
     D:2: 231 daAuts
